 Dungeon Crawl Stone Soup version 0.31-a0-1204-ge2c1a860ed (webtiles) character file.

Game seed: 17372519454134686415

151 backslashecho the Insei (level 5, -2/40 HPs)
             Began as a Meteoran Shapeshifter on Dec 12, 2023.
             Slain by an orc
             ... wielding a +1 trident of venom
              (7 damage)
             ... on level 3 of the Dungeon.
             The game lasted 00:03:48 (783 turns).

backslashecho the Insei (Meteoran Shapeshifter)      Turns: 783, Time: 00:03:49

Health: -2/40      AC:  2    Str: 15    XL:     5   Next: 91%
Magic:  6/6        EV: 12    Int: 12    God:
Gold:   79         SH:  0    Dex: 15    Spells: 4/4 levels left

rFire   . .          .
                       - Unarmed
rCold   . . .        (no shield)
rNeg    . . .        a - +0 animal skin
rPois   .            (helmet currently unavailable)
rElec   .            (cloak currently unavailable)
rCorr   .            (gloves currently unavailable)
SInv    .            (boots currently unavailable)
Will    .....        (no amulet)
Stlth   +            (no ring)
HPRegen 0.26/turn    (no ring)
MPRegen 0.10/turn

%: no passive effects
@: lethally poisoned (-2 -> -14), beast-form, hasted, glowing, very quick
A: beast (slay +2), sense surroundings 1, otherworldly, glowing, explore regen
a: Begin Untransformation


You were on level 3 of the Dungeon.
You were a hulking beast.
You visited 1 branch of the dungeon, and saw 4 of its levels.

You collected 79 gold pieces.

Inventory:

Armour
 a - a +0 animal skin (worn)
 g - a +0 pair of boots
 k - a +0 cloak
 m - a +0 cloak
 p - a +0 pair of gloves
Talismans
 c - a beast talisman
 d - a flux talisman
Scrolls
 f - 2 scrolls of identify {unknown}
 i - 2 scrolls of teleportation {unknown}
 n - a scroll of poison {unknown}
 o - a scroll of butterflies {unknown}
Potions
 h - a potion of cancellation {unknown}
 j - a potion of heal wounds {unknown}
 l - a potion of resistance {unknown}


   Skills:
 - Level 1.1 Fighting
 - Level 2.1 Dodging
 * Level 6.1 Unarmed Combat
 + Level 4.8 Shapeshifting


You had 4 spell levels left.
You didn't know any spells.
Your spell library was empty.

Dungeon Overview and Level Annotations

Branches:
Dungeon (4/15) Zot: 1625
 Temple: D:4-7

Altars:


Innate Abilities, Weirdness & Mutations

You are a hulking beast.
Your limbs bulge with bestial killing power. (Slay +2)
You passively map a small area around you.
You are easily found by Zot.
You glow in the dark.
You regain HP and MP as you explore.


Message History

Your Unarmed Combat skill increases to level 6!
No target in view! 2 orcs come into view.
An orc is wielding a +1 trident of venom.
The orc shouts! x2
There is a stone staircase leading down, spattered with blood here.
Things that are here:
a +0 dagger; an orc corpse You climb downwards.
HP restored.
Found a quarterstaff.
There is a stone staircase leading up here.
Health restored: 40 You climb upwards.
The orc closely misses you.
There is a stone staircase leading down, spattered with blood here.
Things that are here:
a +0 dagger; an orc corpse You hit the orc.
The orc is almost dead.
You hit the orc.
You kill the orc!
The orc hits you from afar with a +1 trident of venom.
You are poisoned.
Things that are here:
a +0 dagger; an orc corpse You take 4 damage, and have 36/40 hp.
You feel very sick.
The orc hits you from afar with a +1 trident of venom!
You are more poisoned.
You take 13 damage, and have 23/40 hp.
MASSIVE DAMAGE!!
You feel very sick.
The orc hits you with a +1 trident of venom.
You are lethally poisoned!
You take 5 damage, and have 18/40 hp.
You hit the orc.
The orc is lightly wounded.
You feel very sick. The orc misses you.
You take 4 damage, and have 14/40 hp.
You are too injured to fight recklessly!
You closely miss the orc.
The orc is lightly wounded.
* * * LOW HITPOINT WARNING * * *
You feel very sick. The orc closely misses you.
You take 5 damage, and have 9/40 hp.
It was a potion of haste.
You feel yourself speed up.
* * * LOW HITPOINT WARNING * * *
You feel very sick.
The orc hits you with a +1 trident of venom!
You die...

#.........# #.<...........$..#
#.........# #................#
#.........# #.÷..............#
#......†..###................#
#.............................
#.........#.#..........oo..##.
#.........#.####.######.......
###.......##.###o.# *####...,
...#.....###.##h.## * * ,.#
#...#.##....)>).## #
#.#...........#### ,* #
###...#.###....# , #......#
####.######* #..#..####
#......##.# #.#..#
########......#
#....#####.........#...#
#.......)..........# #...*


You could see an orc.

Vanquished Creatures
  An orc priest (D:3)
  4 gnolls (D:3)
  5 adders
  A worm (D:2)
  2 orcs (D:3)
  3 endoplasms
  3 giant cockroaches (D:2)
  A goblin (D:1)
  2 jackals (D:1)
  3 kobolds
  A quokka (D:3)
  4 ball pythons (D:2)
  2 bats (D:2)
  4 frilled lizards
  3 rats
39 creatures vanquished.

Notes
Turn   | Place    | Note
-------+----------+-------------------------------------------
     0 | D:1      | backslashecho the Meteoran Shapeshifter began the quest for
                  | the Orb.
     0 | D:1      | Reached XP level 1. HP: 16/16 MP: 2/2
   170 | D:1      | Reached XP level 2. HP: 23/23 MP: 3/3
   176 | D:1      | Reached skill level 4 in Unarmed Combat
   279 | D:2      | Reached XP level 3. HP: 16/28 MP: 4/4
   376 | D:2      | Reached XP level 4. HP: 29/35 MP: 5/5
   446 | D:2      | Reached skill level 5 in Unarmed Combat
   483 | D:2      | Found a faded altar of an unknown god.
   588 | D:3      | Reached XP level 5. HP: 8/40 MP: 6/6
   771 | D:3      | Reached skill level 6 in Unarmed Combat
   783 | D:3      | Slain by an orc

Illustrated notes

Levels and vault maps discovered:
D:1:      lightli_arrival_noodles, layout_loops_corners
D:2:      layout_loops_ring, nicolae_ecumenical_snake_handling, st_stairs_12,
          minmay_split_cup_large
D:3:      layout_rooms
D:4:      layout_cave_pools, gammafunk_ghost_grave

Skill      XL: |  1  2  3  4  5 |
---------------+----------------+-----
Unarmed Combat | 4 5 6 |  6.1
Shapeshifting  | 4 |  4.8
Fighting       | |  1.1
Dodging        | |  2.1

Action                     |  1- 3 |  4- 6 || total
---------------------------+-------+-------++-------
  Melee: Unarmed           |    57 |    51 ||   108
         Punch             |     1 |     2 ||     3
    Use: Potion            |       |     2 ||     2
 Armour: Animal skin       |    36 |    23 ||    59
         Skin              |       |     3 ||     3
  Dodge: Dodged            |    50 |    22 ||    72

Table legend: (Time is in decaauts)
 A = Elapsed time spent in this place.
 B = Non-inter-level travel time spent in this place.
 C = Inter-level travel time spent in this place.
 D = Time resting spent in this place.
 E = Time spent auto-exploring this place.
 F = Levels seen in this place.
 G = Mean time per level.
                   A        B        C        D        E       F      G
               +--------+--------+--------+--------+--------+-----+--------+
         Total |    773 |    772 |      1 |    159 |     72 |   4 |  193.2 |
       Dungeon |    773 |    772 |      1 |    159 |     72 |   4 |  193.2 |
               +--------+--------+--------+--------+--------+-----+--------+

Top non-repeatable levels by time:
     D:2: 270 daAuts
     D:3: 264 daAuts
     D:1: 237 daAuts
     D:4: 1 daAuts
